[Event "*** Titled Tuesday Blitz"]
[Site "Chess.com"]
[Date "2021.04.06"]
[Round "6"]
[White "enriquetejedor"]
[Black "Handszar"]
[Result "1-0"]
[WhiteElo "2591"]
[BlackElo "2355"]
[TimeControl "180+1"]
[EndTime "11:09:19 PDT"]
[Termination "enriquetejedor won on time"]

1. e4 c5 2. Nc3 d6 3. g3 Qd7 4. Bg2 b5 5. e5 Bb7 6. Bxb7 Qxb7 7. Qf3 Qxf3 8. Nxf3 b4 9. Nd5 Kd7 10. O-O e6 11.
Ne3 d5 12. a3 bxa3 13. Rxa3 Ne7 14. b3 Nec6 15. Bb2 c4 16. bxc4 Bxa3 17. Bxa3 d4 18. Ng2 f6 19. Re1 fxe5 20. Nxe5+ Nxe5 21. Rxe5 Nc6 22. Rg5 g6 23. h4 Rab8 24. Nf4 Rb1+ 25.
Kg2 Ra1 26. Bc5 Ra2 27. h5 Rg8 28. hxg6 hxg6 29. c3 dxc3 30. dxc3 Rc2 31. Be3 Rxc3 32. Rc5 g5 33. Ne2 Rc8 34. Nc1 g4 35. Ne2 Rc2 36. Nf4 Nb4 37. Rg5 R8xc4 38. Rg7+ Kd6 39. Rxa7 Nd5 40. Nxd5 exd5 41. Ra6+ Ke5 42. Ra8 Ke6 43.
Re8+ Kd7 44. Rg8 d4 45. Bf4 d3 46. Rxg4 d2 47. Rg7+ Ke6 48. Bxd2 Rxd2 49. Rg6+ Kf7 50. Rg5 Kf6 51. Rg8 Rc7 52. Rf8+ Rf7 53. Ra8 Kg7 54. Kh3 Rfxf2 55. Ra4 Rh2+ 56. Kg4 Rb2 57. Ra7+ Kf6 58. Ra5 1-0

[Event "*** Titled Tuesday Blitz"]
[Site "Chess.com"]
[Date "2021.04.06"]
[Round "6"]
[White "BlueWizzard"]
[Black "iamnotIM"]
[Result "0-1"]
[WhiteElo "2742"]
[BlackElo "2565"]
[TimeControl "180+1"]
[EndTime "11:09:20 PDT"]
[Termination "iamnotIM won by resignation"]

1. d4 Nf6 2. Nc3 d5 3. Bg5 c6 4.
e3 Qb6 5. Rb1 Bf5 6. Nf3 Nbd7 7.
Bd3 Bxd3 8. cxd3 e6 9. O-O h6 10. Bh4 g5 11. Bg3 Nh5 12. Be5 Nxe5 13. Nxe5 Nf6 14. f4 Be7 15. Qe2 Rh7 16. f5 O-O-O 17. b4 Kb8 18. Qf2 Nd7 19. Nxd7+ Rxd7 20. b5 c5 21. Na4 Qc7 22. dxc5 Qe5 23. fxe6 fxe6 24. c6 Rc7 25. d4 Qe4 26. b6 axb6 27. Nxb6 Rxc6 28.
Rb2 Bd6 29. Rfb1 Rhc7 30. Rf1 Rc2 31. Rxc2 Rxc2 32. Qf3 Qxf3 33. Rxf3 Rxa2 34. Rf6 Ra1+ 35. Kf2 Rb1 36. Nd7+ Kc7 37. Ne5 Bxe5 38. dxe5 Kd7 39. Rf7+ Kc6 40. Re7 b5 41. Rxe6+ Kc5 42. Rxh6 b4 43.
e6 Kd6 44. Kg3 b3 45. Rh8 Kxe6 46. Rb8 Ke5 47. Rb4 b2 48. Kh3 Kf5 49. Kg3 Ke5 50.
h3 Kf5 51. Kf2 Ke5 52. Kg3 Kf5 53. Kh2 Ke5 54. Rb3 Ke4 55. Kg3 Kf5 56. Kf2 Ke5 57. Kg3 Kf5 58. Kh2 Ke4 59. g3 Kf3 60. h4 gxh4 61. gxh4 Kg4 62. Kg2 Kxh4 63. Kf2 Rh1 64.
Rb4+ Kg5 0-1

[Event "*** Titled Tuesday Blitz"]
[Site "Chess.com"]
[Date "2021.04.06"]
[Round "6"]
[White "evgchess5"]
[Black "maximych26"]
[Result "1-0"]
[WhiteElo "2898"]
[BlackElo "2272"]
[TimeControl "180+1"]
[EndTime "11:09:20 PDT"]
[Termination "evgchess5 won by resignation"]

1. e4 c6 2. d4 d5 3. exd5 cxd5 4. Bd3 Nf6 5. c3 Nc6 6. Bf4 Bg4 7. Qb3 Na5 8. Qa4+ Bd7 9. Qc2 Rc8 10. Nf3 Nc6 11.
Qd1 Bg4 12. Nbd2 e6 13. Qa4 Bxf3 14. Nxf3 Bd6 15. Be3 O-O 16. O-O a6 17. h3 Qc7 18.
Rfe1 Qa5 19. Qd1 Qb6 20. Qe2 Qc7 21. Bg5 Be7 22. Qe3 Nh5 23. Qd2 Bd6 24. Rad1 Bf4 25. Bxf4 Qxf4 26. Qe2 Qd6 27. g3 Nf6 28. Ne5 Qc7 29.
Qf3 Qd8 30. h4 Nxe5 31. Rxe5 Nd7 32. Re3 Qf6 33. Qe2 Rc7 34. Re1 Qd8 35. Kg2 Nf6 36.
Qf3 Qd6 37. a3 Qd8 38. Re5 Nd7 39. R5e2 Qf6 40. Qg4 Qd8 41. Qf4 Rc6 42. g4 Qf6 43. Qg3 Qd8 44. f4 Qf6 45. g5 Qd8 46. f5 exf5 47.
Bxf5 Nb6 48. Re7 g6 49. Bd3 Qb8 50. Qxb8 Rxb8 51. Re8+ Rxe8 52. Rxe8+ Kg7 53. Re7 Nc4 54. Rxb7 Ne3+ 55. Kf3 Nf5 56. h5 h6 57. gxh6+ Kxh6 58. Rxf7 Kxh5 59. Bxf5 gxf5 60. Rxf5+ Kg6 61. Rxd5 Rb6 62. b4 Kf6 63. Ke4 Ke6 64. Rh5 Ke7 65. Rh7+ Kf6 66. Rh6+ Ke7 67. Rxb6 1-0

[Event "*** Titled Tuesday Blitz"]
[Site "Chess.com"]
[Date "2021.04.06"]
[Round "6"]
[White "elohunter1999"]
[Black "madamDD"]
[Result "1/2-1/2"]
[WhiteElo "2529"]
[BlackElo "2382"]
[TimeControl "180+1"]
[EndTime "11:09:20 PDT"]
[Termination "Game drawn by repetition"]

1. d4 Nf6 2. c4 e6 3. Nf3 b6 4.
a3 Bb7 5. Nc3 Ne4 6. Nxe4 Bxe4 7. Nd2 Bg6 8. g3 Nc6 9. e3 e5 10. d5 Na5 11. b4 Nb7 12. Bb2 Bd6 13. Bg2 a5 14. Bc3 Qe7 15. O-O O-O 16. Qb3 Bd3 17. Rfd1 e4 18. Rab1 Bxb1 19. Qxb1 f5 20.
Bf1 axb4 21. axb4 Ra4 22. c5 bxc5 23. Nc4 cxb4 24. Nxd6 Nxd6 25. Rd4 Rfa8 26. Rxb4 Rxb4 27. Qxb4 h6 28. Kg2 Nc8 29. Qd4 Nd6 30. Be2 Rf8 31. Qa7 Qd8 32. Qd4 Ne8 33. Bc4 d6 34. Bb5 Qf6 35. Qc4 Qg6 36. Qc6 Qf7 37. Qc4 Nf6 38. Bc6 g5 39. h3 f4 40. Qd4 fxg3 41.
fxg3 Kh7 42. Ba4 Kg8 43. Bc2 Re8 44. Bb3 Rf8 45. Bc4 Qe7 46. Bb3 Kh7 47. Bc2 Kg7 48. g4 Kh7 49. Qd2 Kg7 50. Qf2 Kh7 51. Qf5+ Kg7 52.
Kg3 Kg8 53. Qg6+ Qg7 54. Qf5 Nd7 55. Qe6+ Qf7 56. Bxe4 Qxe6 57. dxe6 Nc5 58. Bd5 Re8 59. e7+ Kh7 60. Bf6 Nd7 61. Be4+ Kg8 62. Bd5+ Kh7 63.
Be4+ Kg8 64. Bd5+ Kh7 1/2-1/2

[Event "*** Titled Tuesday Blitz"]
[Site "Chess.com"]
[Date "2021.04.06"]
[Round "6"]
[White "Ceejay271"]
[Black "friesnielsen2302"]
[Result "0-1"]
[WhiteElo "2342"]
[BlackElo "2526"]
[TimeControl "180+1"]
[EndTime "11:09:20 PDT"]
[Termination "friesnielsen2302 won by resignation"]

1. d4 Nf6 2. Nf3 c5 3. c3 g6 4. Bg5 Qb6 5. Qb3 Bg7 6. e3 d6 7. Nbd2 Nbd7 8. Bc4 O-O 9. O-O Re8 10. Rfe1 Qxb3 11.
Bxb3 b6 12. e4 e6 13. e5 dxe5 14. dxc5 Nxc5 15. Nxe5 Bb7 16. Bc2 h6 17. Bh4 g5 18.
Bg3 Rad8 19. Nb3 Nce4 20. Rad1 Nxg3 21. hxg3 Nd5 22. Nd4 Bxe5 23. Rxe5 a6 24. Rde1 Rc8 25. Ba4 b5 26. Bb3 Kg7 27. a3 Red8 28. Bd1 Rd6 29. Bg4 Nf6 30. Bf3 Bxf3 31. gxf3 Nd5 32. Kg2 Rb6 33. R1e4 Rd8 34. f4 gxf4 35. gxf4 Nf6 36. Re3 a5 37. Rg3+ Kf8 38. Nxb5 Nd5 39. a4 Nxf4+ 40. Kf3 Ng6 41. Rc5 Ke7 42. Rh3 Rd2 43.
Rc7+ Kf6 44. Rxh6 Rb8 45. Nd6 Rf8 46. Ne4+ Kg7 47. Nxd2 Kxh6 48. Nc4 Kg5 49. Rc5+ f5 50. Rxa5 Rh8 51. Ra6 e5 52. Rxg6+ Kxg6 53. Nxe5+ Kf6 54.
Nd3 Rh3+ 55. Ke2 Rh1 56. a5 Ra1 57. b4 Ke6 58. Ke3 Kd5 59. Nc5 Kc4 60. a6 Ra2 61. f3 Ra1 62. Kf4 Ra3 63. Kxf5 Rxc3 64. f4 Kxb4 65. Ne4 Ra3 66. Kg5 Rxa6 67. f5 Kc4 68.
f6 Kd5 69. f7 Ra8 70. Nf6+ Ke6 71. Kg6 Rf8 72. Kg7 Rxf7+ 0-1

[Event "*** Titled Tuesday Blitz"]
[Site "Chess.com"]
[Date "2021.04.06"]
[Round "6"]
[White "erdni1993"]
[Black "klimkoj"]
[Result "0-1"]
[WhiteElo "2491"]
[BlackElo "2605"]
[TimeControl "180+1"]
[EndTime "11:09:23 PDT"]
[Termination "klimkoj won by resignation"]

1. e4 c5 2. Nf3 d6 3. d4 cxd4 4. Nxd4 Nf6 5. Nc3 a6 6. Bg5 e6 7. Qd2 Be7 8. O-O-O Nbd7 9. f3 O-O 10. g4 Qc7 11. h4 b5 12. Kb1 b4 13. Nce2 Bb7 14.
Bxf6 Bxf6 15. g5 Be5 16. h5 d5 17. g6 Nc5 18. Bh3 dxe4 19. gxf7+ Kh8 20. fxe4 Bxe4 21.
Rhf1 Bd5 22. h6 g6 23. Nf3 Bxf3 24. Rxf3 Rad8 25. Qe1 Rxd1+ 26. Qxd1 Ne4 27. Bxe6 Ng5 28. Re3 Bf6 29. Bb3 Nxf7 30. Rf3 Nxh6 31. Qh1 Nf5 32. Nf4 Nh4 33. Rf1 Qe5 34. Nd3 Qd4 35. Rf4 Qd8 36. Nc5 Qd6 37. Ne6 Qe5 38. Rd4 Re8 39. Qc6 Rxe6 40.
Qxe6 Qxe6 41. Bxe6 Bxd4 42. c3 bxc3 43. bxc3 Bxc3 44. Kc2 Bf6 45. Kd3 Kg7 46. Ke4 h5 47.
Bc4 g5 48. Bxa6 g4 49. Bf1 Kh6 50. Kf4 Bg5+ 51. Kg3 Be7 52. Kf2 Kg5 53. Kg3 Nf5+ 54. Kf2 Kf4 55. Bd3 h4 56. Kg2 h3+ 57. Kh1 Nh4 58.
Bf1 Kg3 59. a4 Bb4 60. a5 Bxa5 61. Bc4 Nf5 62. Bf1 Ne3 63. Be2 Kh4 64. Bxg4 Nxg4 65.
Kg1 Kg3 66. Kh1 Nf2+ 67. Kg1 h2+ 68. Kf1 h1=Q+ 0-1

[Event "*** Titled Tuesday Blitz"]
[Site "Chess.com"]
[Date "2021.04.06"]
[Round "6"]
[White "rynos0411"]
[Black "FGHSMN"]
[Result "0-1"]
[WhiteElo "2448"]
[BlackElo "2584"]
[TimeControl "180+1"]
[EndTime "11:09:23 PDT"]
[Termination "FGHSMN won by resignation"]

1. d4 Nf6 2. c4 e6 3. Nf3 d5 4. Nc3 c6 5. e3 Nbd7 6. Bd3 dxc4 7. Bxc4 b5 8. Bd3 Bb7 9. O-O a6 10. e4 b4 11. Ne2 c5 12. Ng3 cxd4 13. Nxd4 Nc5 14.
Bc2 Bd6 15. Re1 Be5 16. Be3 O-O 17. Nf3 Qxd1 18. Raxd1 Bxg3 19. Bxc5 Rfc8 20. Bxb4 Bxf2+ 21. Kxf2 Rxc2+ 22. Kg1 Bxe4 23. Bc3 Bxf3 24. gxf3 Nd5 25. Rd2 Rxd2 26. Bxd2 Rc8 27. Re4 Rc2 28. Bc3 Nxc3 29.
bxc3 Rxc3 30. Rb4 h6 31. Ra4 Rxf3 32. Rxa6 Rc3 33. a4 Rc1+ 34. Kf2 Ra1 35. a5 Ra2+ 36. Kg3 e5 37. Ra7 f5 38. h4 h5 39. a6 Kh7 40. Ra8 Kg6 41. Kf3 Ra3+ 42. Kg2 e4 43. a7 f4 44. Kf2 Ra2+ 45. Kf1 e3 46. Rf8 Rxa7 47. Rxf4 Re7 48. Ke2 Re5 49. Rc4 Kf5 50.
Rb4 g6 51. Rc4 Re4 52. Rc5+ Kg4 53. Rg5+ Kxh4 54. Rxg6 Kh3 55. Kf3 e2 56. Rg3+ Kh4 57. Rg2 e1=Q 58. Rh2+ Kg5 59. Rg2+ Kh6 60. Rg3 Qxg3+ 61.
Kxg3 Rg4+ 62. Kh3 Kg5 63. Kh2 h4 0-1

[Event "*** Titled Tuesday Blitz"]
[Site "Chess.com"]
[Date "2021.04.06"]
[Round "6"]
[White "Sjakkerntobi"]
[Black "DarZay"]
[Result "0-1"]
[WhiteElo "2378"]
[BlackElo "2209"]
[TimeControl "180+1"]
[EndTime "11:09:23 PDT"]
[Termination "DarZay won by checkmate"]

1. e4 c5 2. Nf3 Nc6 3. d4 cxd4 4. Nxd4 Nf6 5. Nc3 d6 6. Bg5 e6 7. Qd2 a6 8. Nxc6 bxc6 9. O-O-O Bd7 10. f4 Be7 11.
Bd3 Qa5 12. Rhe1 d5 13. e5 Ng8 14. Bxe7 Nxe7 15. g4 d4 16. Ne4 Qxa2 17. Nd6+ Kf8 18. Qb4 Nd5 19. Qc5 Kg8 20. f5 Qa1+ 21. Kd2 Qxb2 22.
f6 Qc3+ 23. Qxc3 dxc3+ 24. Ke2 gxf6 25. exf6 c5 26. Bc4 Bc6 27. g5 h6 28. g6 fxg6 29. Rg1 Kh7 30. Bd3 Nf4+ 31. Ke3 Nxd3 32. Rxd3 Rhf8 33. f7 Bd5 34. Rxc3 Rad8 35. Nb7 Bxb7 36.
Rxc5 Rxf7 37. Rg3 Rc8 38. Rxc8 Bxc8 39. Kd4 Bb7 40. c4 Rf5 41. Rb3 Bf3 42. Rb6 e5+ 43.
Ke3 e4 44. Rxa6 Rc5 45. Kd4 Rc7 46. Ra3 g5 47. c5 g4 48. Re3 Kg6 49. Kd5 Bd1 50. Kd6 Rc8 51. Rxe4 Bf3 52. Re6+ Kf7 53. Re7+ Kf6 54. Re6+ Kf7 55. Rxh6 Rc6+ 56. Ke5 Rxh6 57.
Kf4 Rxh2 58. Ke5 Rh6 59. Kf4 Ke6 60. c6 Bxc6 61. Kg3 Ke5 62. Kxg4 Rg6+ 63. Kh3 Kf4 64. Kh2 Rg2+ 65. Kh3 Rg8 66. Kh2 Kf3 67. Kh1 Kf2+ 68. Kh2 Rh8# 0-1

[Event "*** Titled Tuesday Blitz"]
[Site "Chess.com"]
[Date "2021.04.06"]
[Round "6"]
[White "fearless_guy"]
[Black "Nozdrachev_Leonid"]
[Result "1-0"]
[WhiteElo "2793"]
[BlackElo "2575"]
[TimeControl "180+1"]
[EndTime "11:09:24 PDT"]
[Termination "fearless_guy won on time"]

1. e4 c6 2. Nf3 d5 3. d3 dxe4 4. dxe4 Qxd1+ 5. Kxd1 Bg4 6. Be2 Bxf3 7. Bxf3 e5 8. Be2 Bc5 9. f3 Nd7 10. c3 Ke7 11.
Kc2 Ngf6 12. a4 a5 13. Nd2 Rhd8 14. Nb3 Ne8 15. Nxc5 Nxc5 16. Be3 Ne6 17. g3 Nd6 18. Rhd1 h6 19. h4 f5 20. Bb6 Rd7 21. exf5 Nxf5 22. Rxd7+ Kxd7 23. Bf2 Ke7 24. Re1 Kf6 25. Bc4 Re8 26. g4 Nd6 27. Bxe6 Kxe6 28. f4 e4 29. f5+ Kf7 30. b3 h5 31. Bc5 Nc8 32. g5 Re5 33. g6+ Ke8 34. b4 axb4 35. cxb4 Ne7 36. Bd6 Rd5 37.
Bxe7 Kxe7 38. Rxe4+ Kf6 39. Re6+ Kxf5 40. Re7 Kxg6 41.
Rxb7 Rd4 42. a5 Kf5 43. a6 Rd8 44. a7 Ra8 45. Rxg7 Kf6 46. Rb7 Kf5 47. Kd3 Ke5 48.
Kc4 Kd6 49. Rh7 Rg8 50. Rh6+ Kc7 51. Kc5 Kb7 52. Rh7+ Ka8 53. Kb6 c5 54. b5 1-0

[Event "*** Titled Tuesday Blitz"]
[Site "Chess.com"]
[Date "2021.04.06"]
[Round "6"]
[White "viktorgen2021"]
[Black "kikydu96"]
[Result "0-1"]
[WhiteElo "2261"]
[BlackElo "2437"]
[TimeControl "180+1"]
[EndTime "11:09:24 PDT"]
[Termination "kikydu96 won by checkmate"]

1. d4 d5 2. Nf3 Nf6 3. g3 Bg4 4.
Bg2 Nbd7 5. O-O e6 6. c4 c6 7.
Nc3 Be7 8. Bf4 O-O 9. Rc1 dxc4 10.
Ne5 Nxe5 11. Bxe5 Rc8 12. a4 a5 13. Qc2 Nd5 14. Ne4 Bf5 15. Qxc4 Qb6 16. b3 Rfd8 17.
Rfd1 Qb4 18. h3 Nb6 19. Qxb4 Bxb4 20. Nc5 Bxc5 21. dxc5 Nd7 22. Bc3 Nxc5 23. Bxa5 Rxd1+ 24. Rxd1 Bc2 25. Rc1 Nxb3 26. Rxc2 Nxa5 27. Rb2 Rb8 28. Kf1 b5 29. axb5 cxb5 30. Ke1 b4 31. Be4 Kf8 32.
e3 Ke7 33. Ke2 Kd6 34. h4 Kc5 35. Bxh7 g6 36. h5 gxh5 37. Rc2+ Kb5 38. Bd3+ Kb6 39. Rb2 b3 40. Kd2 Kc5 41. Kc3 Rb4 42. Rb1 h4 43. gxh4 Rxh4 44. Ra1 Kb6 45. Ra3 Rh1 46. Kb2 Rd1 47.
Kc3 b2 48. Ra4 b1=Q 49. Bxb1 Rxb1 50. Rf4 f5 51. Kc2 Rb5 52. Rh4 Rc5+ 53. Kd3 Kc6 54. Rh6 Kd6 55. e4 fxe4+ 56. Kxe4 Nc6 57. f4 Rc4+ 58. Ke3 Ne7 59. Rf6 Nd5+ 60. Kf3 Nxf6 61. Ke3 Nd5+ 62. Kf3 Rxf4+ 63. Ke2 Ke5 64. Kd1 Kd4 65.
Kc2 Rf3 66. Kb1 Rc3 67. Kb2 e5 68. Kb1 e4 69. Kb2 e3 70. Ka2 e2 71. Kb2 e1=Q 72.
Ka2 Qd2+ 73. Kb1 Rc1# 0-1

[Event "*** Titled Tuesday Blitz"]
[Site "Chess.com"]
[Date "2021.04.06"]
[Round "6"]
[White "Isajevsky_Anton"]
[Black "Matols"]
[Result "1-0"]
[WhiteElo "2563"]
[BlackElo "2314"]
[TimeControl "180+1"]
[EndTime "11:09:25 PDT"]
[Termination "Isajevsky_Anton won on time"]

1. c4 e6 2. Nf3 d5 3. e3 Nf6 4. Nc3 Be7 5. g4 O-O 6. g5 Ne4 7. h4 c5 8. Qc2 Nxc3 9. dxc3 Nc6 10.
Bd3 g6 11. e4 dxc4 12. Bxc4 a6 13. Bf4 b5 14. Be2 Bb7 15. h5 Qb6 16. O-O-O b4 17. Rd7 Rad8 18. Bc7 Qa7 19. Bxd8 Rxd8 20. Rxd8+ Bxd8 21. hxg6 fxg6 22. Qd2 bxc3 23. Qd7 cxb2+ 24. Kb1 Be7 25. Qe8+ Kg7 26. Bc4 Qb8 27. Qxb8 Nxb8 28. Bxe6 Bxe4+ 29. Kxb2 Bxf3 30. Rh3 Be4 31. Re3 Bc6 32.
f4 Kf8 33. Rh3 Nd7 34. Rxh7 Nb6 35. Rh8+ Kg7 36. Rg8+ Kh7 37. Rb8 Nd5 38. f5 gxf5 39.
Bxf5+ Kg7 40. g6 Ne3 41. Bd3 Bf6+ 42. Ka3 c4 43. Bb1 Be7+ 44. Kb2 Nd1+ 45. Kc1 Ne3 46. Rc8 Bf3 47. Rc7 Kf6 48. g7 Bd5 49. Bh7 Kxg7 50. Rxe7+ Kf6 51. Ra7 Ke5 52. Bc2 Kd4 53.
Rxa6 c3 54. a4 Nc4 55. a5 Ne3 56. Ra7 Bc4 57. a6 Kc5 58. Rc7+ Kb6 59. a7 1-0

[Event "*** Titled Tuesday Blitz"]
[Site "Chess.com"]
[Date "2021.04.06"]
[Round "6"]
[White "olksuna"]
[Black "marianokar"]
[Result "1/2-1/2"]
[WhiteElo "2668"]
[BlackElo "2528"]
[TimeControl "180+1"]
[EndTime "11:09:27 PDT"]
[Termination "Game drawn by agreement"]

1. e4 e5 2. Nf3 Nc6 3. Bb5 Nf6 4.
d3 d6 5. c3 g6 6. O-O Bg7 7.
h3 O-O 8. Be3 a6 9. Ba4 b5 10. Bc2 Bb7 11. Nbd2 Nb8 12. b4 Nbd7 13. Nb3 Rb8 14. a4 d5 15. axb5 axb5 16. Nc5 Nxc5 17. Bxc5 Re8 18. Re1 h6 19. Qb1 Ra8 20. Rxa8 Qxa8 21.
Nd2 Nh5 22. Nf1 Nf4 23. Kh2 Ne6 24. Be3 Qa3 25. Bd2 Rd8 26. exd5 Bxd5 27. Qa1 Ra8 28. Qxa3 Rxa3 29. Ne3 Bc6 30. Rb1 Ra2 31. Be1 Nf4 32. g3 Ne2 33. Bb3 Ra3 34. Nc2 Ra8 35. Ne3 Ra3 36. Nc2 Ra8 37. Ra1 Rxa1 38. Nxa1 Nc1 39. Bc2 Ne2 40. Bd2 f5 41. Bd1 Bf3 42. Nc2 e4 43.
dxe4 fxe4 44. Ne1 Nxc3 45. Bxc3 Bxc3 46. Nxf3 exf3 47. Bxf3 Bxb4 48. Bc6 Bc5 49. Bxb5 Bxf2 50. Kg2 Bd4 51. Bc4+ Kg7 52. Kf3 g5 53. g4 c5 54. Ke2 Kf6 55. Kd3 Ke5 56. Bf7 Kf4 57. Bh5 Kg3 58. Kc4 Kxh3 59. Kd3 Kg3 60. Kc4 Kf4 61.
Kd3 Ke5 62. Kc4 Kd6 63. Bg6 Bf2 64. Bh5 Ke5 65. Bg6 Kf4 66. Bh5 1/2-1/2

[Event "*** Titled Tuesday Blitz"]
[Site "Chess.com"]
[Date "2021.04.06"]
[Round "6"]
[White "Ermito2020"]
[Black "MirMan90"]
[Result "1-0"]
[WhiteElo "2569"]
[BlackElo "2684"]
[TimeControl "180+1"]
[EndTime "11:09:28 PDT"]
[Termination "Ermito2020 won by resignation"]

1. e4 c5 2. Nf3 d6 3. d4 cxd4 4. Nxd4 Nf6 5. Nc3 g6 6. Be3 Bg7 7. f3 O-O 8. Qd2 Nc6 9. g4 Be6 10. Nxe6 fxe6 11. O-O-O Ne5 12. Be2 Rc8 13. Nb5 a6 14.
Nd4 Qd7 15. Kb1 Nc4 16. Bxc4 Rxc4 17. h4 e5 18. Nb3 Qe6 19. h5 Rf7 20. hxg6 hxg6 21.
Bh6 Nd7 22. Bxg7 Rxg7 23. Qh6 Kf7 24. Rdf1 g5 25. Qh8 Nf6 26. Qb8 Qc8 27. Rh8 Rg8 28. Rxg8 Nxg8 29. Qxc8 Rxc8 30. c3 Nf6 31. Rh1 Kg6 32. Kc2 Nd7 33. Kd3 Nf8 34. Nc1 Ne6 35. Ne2 b5 36. Ke3 Nc5 37. Ng3 e6 38. Ne2 Na4 39. b3 Nxc3 40. Rc1 b4 41. a3 d5 42. axb4 d4+ 43. Kd2 Rb8 44. Nxc3 dxc3+ 45. Kxc3 Rf8 46. Rf1 Rc8+ 47. Kb2 Rb8 48. Ra1 Rxb4 49. Rxa6 Kf6 50. Kc3 Rd4 51. b4 Rd1 52. b5 Rb1 53. Kc4 Ke7 54.
Ra7+ Kd6 55. Rg7 Rf1 56. Rxg5 Rxf3 57. Rg7 Rf1 58. b6 Kc6 59. b7 Rb1 60. g5 Kd6 61.
g6 Rb2 62. Rf7 Rc2+ 63. Kd3 Rb2 64. g7 1-0

[Event "*** Titled Tuesday Blitz"]
[Site "Chess.com"]
[Date "2021.04.06"]
[Round "6"]
[White "Nils_03"]
[Black "Mikhail_Golubev"]
[Result "1/2-1/2"]
[WhiteElo "2390"]
[BlackElo "2561"]
[TimeControl "180+1"]
[EndTime "11:09:28 PDT"]
[Termination "Game drawn - insufficient material"]

1. d4 Nf6 2. c4 g6 3. Nf3 Bg7 4. g3 O-O 5. Bg2 d6 6. O-O Nbd7 7. Nc3 e5 8. e4 Re8 9. h3 b6 10. d5 a5 11. Ne1 Nc5 12. Nd3 Nxd3 13. Qxd3 Nd7 14.
Be3 Nc5 15. Qd2 Rf8 16. Rae1 Bd7 17. Kh2 Qe7 18. f4 exf4 19. gxf4 Rae8 20. Bd4 Bxd4 21. Qxd4 Qh4 22. Qd2 Re7 23. a3 a4 24. Re3 Rfe8 25.
Qe1 Qf6 26. e5 Qg7 27. Ne4 Nxe4 28. Bxe4 f5 29. e6 Bxe6 30. dxe6 fxe4 31. Rxe4 Qxb2+ 32. Rf2 Qf6 33. f5 gxf5 34. Ref4 Rxe6 35. Qg1+ Kh8 36. Rxf5 Qg7 37. Qxg7+ Kxg7 38. Rf7+ Kg6 39. Rxc7 Re2 40. Kg2 Rxf2+ 41. Kxf2 Re4 42. Rc6 Kf5 43. Rxd6 Rxc4 44. Rxb6 Rc3 45. Rb5+ Kg6 46. Rb6+ Kg7 47. Rb7+ Kg8 48.
Rb8+ Kg7 49. Rb7+ Kg6 50. Rb6+ Kf5 51. Rb5+ Ke6 52. Rb6+ Kd5 53. Rh6 Rxa3 54. Rxh7 Rb3 55. Ra7 a3 56. h4 Rb2+ 57. Kg3 a2 58. h5 Rb3+ 59. Kg4 Rb2 60. Kg5 Rh2 61. h6 Kc4 62. h7 Rxh7 63. Rxa2 Rg7+ 64. Kf6 Rg3 65. Ra4+ Kb5 66. Rf4 Kc5 67. Rf5+ Kd4 68. Rg5 Rxg5 69.
Kxg5 1/2-1/2

[Event "*** Titled Tuesday Blitz"]
[Site "Chess.com"]
[Date "2021.04.06"]
[Round "6"]
[White "bazar-wokzal"]
[Black "Diaschess88"]
[Result "1-0"]
[WhiteElo "2577"]
[BlackElo "2398"]
[TimeControl "180+1"]
[EndTime "11:09:29 PDT"]
[Termination "bazar-wokzal won by resignation"]

1. e4 c6 2. d4 d5 3. e5 c5 4. dxc5 Nc6 5. Bb5 e6 6. Be3 Bd7 7. Bxc6 Bxc6 8. Nf3 Ne7 9. O-O Nf5 10. Bd4 h5 11. c3 g5 12. b4 Be7 13. Na3 a6 14. Nc2 g4 15. Nfe1 Bb5 16. Nd3 h4 17. a4 Bc4 18. Ne3 Nxe3 19. fxe3 Rg8 20. Rf4 Bg5 21. Rf2 g3 22. Rf3 gxh2+ 23. Kxh2 Bh6 24.
Nf4 Qg5 25. Qd2 Qg4 26. Qf2 Rg7 27. Rh3 Bxf4+ 28. exf4 Rh7 29. Re1 Bd3 30. Rxd3 Kd7 31. b5 Rg8 32. Rh3 Rh5 33. Kh1 Rgh8 34. Qf3 Qg6 35. c6+ bxc6 36. bxc6+ Kxc6 37. Qe2 Ra8 38. c4 Rf5 39. cxd5+ exd5 40. Rc3+ Kd7 41. e6+ Qxe6 42.
Be5 f6 43. Bd4 Qxe2 44. Rxe2 Rxf4 45. Rd3 Re8 46. Rxe8 Kxe8 47. Kh2 Kd7 48. Kh3 f5 49. a5 Kc6 50. Bb6 Re4 51. Rf3 d4 52. Rxf5 d3 53. Rf3 d2 54. Rd3 Re2 55. Rd4 Kb5 56. Kh2 Kc6 57. Rd3 Kb5 58. Bd8 Kc4 59. Rd6 Kc3 60.
Bg5 Kc2 61. Rxd2+ Rxd2 62. Bxd2 Kxd2 63. Kh3 Kc3 64. Kxh4 Kb4 65. g4 Kxa5 66. g5 Kb4 67.
g6 a5 68. g7 a4 69. g8=Q a3 70. Qa2 Kc3 71. Qxa3+ 1-0

[Event "*** Titled Tuesday Blitz"]
[Site "Chess.com"]
[Date "2021.04.06"]
[Round "6"]
[White "chessdiamant"]
[Black "annacramling"]
[Result "1-0"]
[WhiteElo "2373"]
[BlackElo "2083"]
[TimeControl "180+1"]
[EndTime "11:09:29 PDT"]
[Termination "chessdiamant won on time"]

1. e4 c5 2. Nf3 Nc6 3. c3 Nf6 4. e5 Nd5 5. d4 cxd4 6. cxd4 e6 7.
Nc3 Nxc3 8. bxc3 d6 9. exd6 Bxd6 10. Bd3 Ne7 11. O-O Ng6 12. g3 O-O 13. h4 f5 14.
h5 Ne7 15. Qe2 Nd5 16. Bd2 Nf6 17. Ne5 Bxe5 18. dxe5 Ng4 19. f3 Nxe5 20. Qxe5 Qxd3 21. h6 Rf7 22. hxg7 Qxd2 23. Rad1 Qg5 24. Rd4 Qxg7 25. Rd8+ Rf8 26. Rxf8+ Kxf8 27. Qd6+ Qe7 28. Qe5 Kf7 29.
Qh8 Qf6 30. Qxh7+ Qg7 31. Qh4 Bd7 32. Rd1 Ke8 33. Kf2 Bc6 34. Rd6 Bd5 35. Qa4+ Kf7 36. Rd7+ Kf6 37. Rxg7 Kxg7 38. c4 Bc6 39. Qb3 Rd8 40.
Qc3+ Kf7 41. Qe5 a6 42. Ke3 Rd7 43. Kf4 Ke7 44. Kg5 Kf7 45. Qf6+ Ke8 46. Qxe6+ Re7 47. Qxf5 Bd7 48. Qg6+ Rf7 49. f4 Ke7 50. Qe4+ Kf8 51. g4 Rg7+ 52. Kh6 Rxg4 53. Qe5 Rh4+ 54. Kg5 Rg4+ 55. Kh5 Rg7 56. f5 Re7 57. Qh8+ Kf7 58.
Kg5 Re2 59. Qh7+ Kf8 60. Kf6 1-0

[Event "*** Titled Tuesday Blitz"]
[Site "Chess.com"]
[Date "2021.04.06"]
[Round "6"]
[White "Balla_Tamas"]
[Black "mr_gustavo"]
[Result "1-0"]
[WhiteElo "2555"]
[BlackElo "2387"]
[TimeControl "180+1"]
[EndTime "11:09:30 PDT"]
[Termination "Balla_Tamas won on time"]

1. e4 c5 2. Nf3 d6 3. d4 cxd4 4.
Nxd4 Nf6 5. Nc3 Nc6 6. Bg5 e6 7. Qd2 a6 8. f3 Be7 9. O-O-O Bd7 10. h4 h6 11. Be3 h5 12. Be2 Ne5 13. f4 Neg4 14. Bg1 Qc7 15. Bf3 Rc8 16. g3 b5 17.
Kb1 O-O 18. f5 e5 19. Nb3 Bc6 20. Nd5 Bxd5 21. exd5 Bd8 22. Qd3 Qc4 23. Nd2 Qxd3 24. cxd3 Be7 25. Ne4 Nxe4 26. dxe4 Nf6 27. Be3 g6 28.
Bg5 Rfe8 29. Rhf1 Nd7 30. Be3 Kg7 31. g4 hxg4 32. Bxg4 Nf6 33. Bf3 Rc4 34. b3 Rc3 35.
Bd2 Rc7 36. fxg6 fxg6 37. Rg1 Rh8 38. Bg5 Rc3 39. Rdf1 Ng8 40. Bd2 Rxf3 41. Rxf3 Rxh4 42. Rfg3 Nf6 43. Rxg6+ Kf7 44. Rg7+ Ke8 45. Bg5 Rxe4 46. Bxf6 Bxf6 47. Ra7 Be7 48. Rg8+ Kf7 49. Rc8 Kf6 50. Rcc7 Bd8 51. Rf7+ Kg6 52. Rfd7 Ba5 53. Rxd6+ Kh5 54. Raxa6 Bc3 55. Kc2 b4 56. Kd3 Rd4+ 57. Ke3 Rd2 58. Rh6+ Kg4 59. Rag6+ Kf5 60. Rf6+ Kg5 61. Rhg6+ Kh5 62.
Rg8 Rb2 63. Rf7 Bd4+ 64. Kd3 Kh6 65. Rf1 Kh7 66. Rg4 Rh2 67. d6 Rh3+ 68. Kc4 Rh6 69. d7 Bb6 70. Re4 1-0

[Event "*** Titled Tuesday Blitz"]
[Site "Chess.com"]
[Date "2021.04.06"]
[Round "6"]
[White "TengisChess"]
[Black "biostatistician"]
[Result "1-0"]
[WhiteElo "2517"]
[BlackElo "2615"]
[TimeControl "180+1"]
[EndTime "11:09:32 PDT"]
[Termination "TengisChess won by resignation"]

1. e4 e6 2. d4 d5 3. Nd2 Nc6 4. Ngf3 Nf6 5. Bd3 Nb4 6. O-O Be7 7. Qe2 Nxd3 8. cxd3 O-O 9. b3 b6 10. Bb2 Ba6 11.
Qe3 dxe4 12. Nxe4 Nd5 13. Qd2 Bb4 14. Qc2 Be7 15. Rad1 Rc8 16. Ne5 Bb7 17. Qd2 Bb4 18. Qc1 Qe7 19. h3 a5 20. Nc6 Qe8 21. Nxb4 axb4 22.
a4 Qe7 23. Qd2 Rfd8 24. Rc1 Nf6 25. Nxf6+ Qxf6 26. Qxb4 Qg6 27. f3 Qxd3 28. Qc3 Qg6 29. Qe3 Rd5 30. Rf2 Rh5 31. Kh2 Bd5 32. b4 Ra8 33. Rxc7 h6 34. a5 bxa5 35. b5 Rb8 36.
Rc5 a4 37. Ba3 Bb3 38. Qf4 Rxb5 39. Rc8+ Kh7 40. Qd6 Qf5 41. g4 Rxh3+ 42. Kxh3 Qb1 43. Kg2 Bd5 44. Rc1 Qg6 45. Qg3 Rb3 46. Bd6 a3 47. Ra1 Qd3 48. Kh2 Bxf3 49. Rxa3 Rxa3 50. Bxa3 Qxa3 51.
Qxf3 Qd6+ 52. Qf4 Qd5 53. Qe5 Qd7 54. d5 exd5 55. Qf5+ Qxf5 56. Rxf5 Kg6 57. Rxd5 Kf6 58. Kg3 Ke6 59. Ra5 Kf6 60. Ra6+ Kg5 61. Rb6 f6 62. Rb5+ Kg6 63. Kf4 Kf7 64. Kf5 g6+ 65. Kf4 Ke6 66. Rb6+ Kf7 67. Ke4 Ke7 68. Kd5 g5 69. Ke4 Kf7 70.
Kf5 Kg7 71. Rb7+ 1-0